 Dungeon Crawl Stone Soup version 0.30.0-5-g1a98f26d00 (webtiles) character file.

Game seed: 16804459845795506930

1070 PoweredByGinger the Cleaver (level 8, -6/62 HPs)
             Began as a Minotaur Gladiator on May 9, 2023.
             Was an Initiate of Okawaru.
             Mangled by an orc warrior
             ... wielding a +0 spear
              (20 damage)
             ... in a bailey.
             The game lasted 00:04:13 (5633 turns).

PoweredByGinger the Cleaver (Minotaur Gladiator)    Turns: 5633, Time: 00:04:14

Health: -6/62      AC:  7    Str: 22    XL:     8   Next: 7%
Magic:  7/7        EV: 12    Int:  5    God:    Okawaru [......]
Gold:   343        SH:  0    Dex: 11    Spells: 7/7 levels left

rFire   . . .        a - +0 war axe
rCold   + . .        (no shield)
rNeg    . . .        l - +2 ring mail {rC+}
rPois   .            c - +0 hat
rElec   .            (no cloak)
rCorr   .            (no gloves)
SInv    +            (no boots)
Will    .....        (no amulet)
Stlth   +            w - ring of see invisible
HPRegen 0.30/turn    (no ring)
MPRegen 0.10/turn

%: no passive effects
@: no status effects
A: horns 2, retaliatory headbutt
a: Renounce Religion


You were in a bailey.
You worshipped Okawaru.
Okawaru was noncommittal.
You visited 2 branches of the dungeon, and saw 8 of its levels.
You also visited: Bailey.

You collected 343 gold pieces.

Inventory:

Hand Weapons
 a - a +0 war axe (weapon)
 p - the +7 dagger of Vuesun {flame, rF+}
   (You took it off a goblin on level 3 of the Dungeon)

   rF:        It protects you from fire.
Missiles
 d - a throwing net (quivered)
 e - a javelin
Armour
 c - a +0 hat (worn)
 l - a +2 ring mail of cold resistance (worn)
Jewellery
 w - a ring of see invisible (left hand)
Wands
 y - a wand of paralysis (10)
Scrolls
 f - 4 scrolls of vulnerability {unknown}
 h - 2 scrolls of magic mapping {unknown}
 i - a scroll of blinking {unknown}
 j - 8 scrolls of identify {unknown}
 n - 2 scrolls of fear {unknown}
 q - a scroll of noise {unknown}
 r - a scroll of enchant weapon {unknown}
 s - 3 scrolls of torment {unknown}
 t - 2 scrolls of fog {unknown}
 u - 2 scrolls of poison {unknown}
 v - 4 scrolls of teleportation {unknown}
 x - a scroll of amnesia {unknown}
Potions
 b - a potion of degeneration {unknown}
 g - a potion of magic
 k - 2 potions of flight {unknown}
 m - 2 potions of ambrosia {unknown}
 o - 2 potions of mutation {unknown}


   Skills:
 - Level 2.4 Fighting
 * Level 11.5 Axes
 - Level 2.0 Throwing
 - Level 4.1 Dodging


You had 7 spell levels left.
You didn't know any spells.
Your spell library contained the following spells:

 Spells                   Type           Power      Damage    Failure   Level
 Freeze                   Ice            0%         1d3       65%         1
 Frozen Ramparts          Ice            0%         1d1       95%         3
 Hailstorm                Conj/Ice       0%         3d3       95%         3
 Stone Arrow              Conj/Erth      0%         3d7       95%         3
 Lehudib's Crystal Spear  Conj/Erth      0%         10d2      100%        8
 Animate Armour           Summ/Erth      Unusable   N/A       N/A         4

Dungeon Overview and Level Annotations

Branches:
Dungeon (7/15)             Temple (1/1) D:5          Bailey (1/1)

Altars:
Ashenzari
Cheibriados
Dithmenos
Elyvilon
Fedhas
Hepliaklqana
Kikubaaqudgha
Nemelex Xobeh
Okawaru
Sif Muna
Trog
Vehumet
Wu Jian
Yredelemnul
Zin
The Shining One

Shops:
D:5 :

Annotations:
D:5 2 transporters Bailey 2 runed translucent doors


Innate Abilities, Weirdness & Mutations

You have a pair of horns on your head.
You reflexively headbutt those who attack you in melee.


Message History

The orc hits you from afar with a +0 trident.
You hit the orc knight.
The orc knight is lightly wounded.
You barely miss the orc warrior.
The orc knight roars a battlecry!
The orcs go into a battle-frenzy!
The orc knight struggles against the net.
The orc warrior hits you with a +0 spear!
The orc hits you but does no damage.
You hit the orc knight but do no damage.
The orc knight is lightly wounded.
You barely miss the orc warrior. The orc closely misses you.
The orc warrior closely misses you.
Unknown command.
Unknown command.
You hit the orc knight but do no damage.
The orc knight is lightly wounded.
You hit the orc warrior.
The orc knight struggles against the net.
The net rips apart, and the orc knight comes free!
The orc warrior hits you with a +0 spear.
The orc closely misses you.
Unknown command.
Throw: 2 throwing nets
Press: ? - help, Q - select action, (/) - cycle Shift-Dir - straight line, f/p - orc knight
Aim: an orc knight, wielding a +0 glaive and wearing a +0 scale mail (lightly wounded, 50% to hit)
You throw a throwing net. The throwing net hits the orc knight.
The orc knight is caught in the net!
The orc knight is lightly wounded.
The orc knight struggles against the net.
The orc warrior hits you with a +0 spear!
The orc hits you from afar with a +0 trident.
* * * LOW HITPOINT WARNING * * *
Unknown command.
Unknown command.
Unknown command.
It was a potion of magic.
Magic courses through your body.
The orc knight struggles against the net.
The orc warrior hits you with a +0 spear!!
You die...

#..# #++#
#..##.... #..#
#..#.e.. #..#
#..#..# #..# #..#.
#..# #..# #..#
#))# #o.#
#..########oo#
##...8....8.@.##
#..............#
#..####''####.$#
..####........####
.................
....♣...........
♣♣♣...#....#...≈
#♣♣≈≈≈≈≈#....#≈≈≈≈
#≈≈≈≈≈≈≈#....# ≈≈≈


You could see an orc knight (caught), an orc warrior (strong) and an orc
(strong).

Vanquished Creatures
  A water moccasin (D:5)
  An orc warrior (Bailey)
  A black bear (D:5)
  An ice beast (D:6)
  An ogre (D:5)
  A phantom (D:5)
  A scorpion (D:5)
  A howler monkey (D:6)
  3 hounds (D:5)
  An orc priest (D:3)
  A jelly (D:6)
  3 iguanas
  An orc wizard (D:6)
  6 adders
  A shadow imp (D:6)
  3 ufetubi
  A worm (D:3)
  2 dart slugs
  16 orcs
  9 endoplasms
  A giant cockroach (D:1)
  5 hobgoblins
  3 jackals (D:5)
  2 kobolds
  8 quokkas
  8 ball pythons
  4 bats
  5 frilled lizards
  7 goblins
  4 rats
102 creatures vanquished.

Notes
Turn   | Place    | Note
-------+----------+-------------------------------------------
     0 | D:1      | PoweredByGinger the Minotaur Gladiator began the quest for
                  | the Orb.
     0 | D:1      | Reached XP level 1. HP: 18/18 MP: 0/0
   104 | D:1      | Found a faded altar of an unknown god.
   112 | D:1      | Reached skill level 4 in Axes
   131 | D:1      | Reached XP level 2. HP: 21/25 MP: 1/1
   904 | D:2      | Reached XP level 3. HP: 24/30 MP: 2/2
  1218 | D:2      | Reached skill level 5 in Axes
  1563 | D:2      | Reached XP level 4. HP: 37/37 MP: 3/3
  1832 | D:3      | Found a snail-covered altar of Cheibriados.
  1867 | D:3      | Identified the +7 dagger of Vuesun {flame, rF+}
  2210 | D:3      | Found an ornate altar of the Wu Jian Council.
  2497 | D:3      | Reached skill level 6 in Axes
  2704 | D:4      | Reached XP level 5. HP: 41/42 MP: 4/4
  3040 | D:4      | Found a basalt altar of Yredelemnul.
  3213 | D:5      | Entered Level 5 of the Dungeon
  3308 | D:5      | Reached skill level 7 in Axes
  3315 | D:5      | Noticed an ogre
  3322 | D:5      | Killed an ogre
  3323 | D:5      | Reached skill level 8 in Axes
  3323 | D:5      | Reached XP level 6. HP: 50/50 MP: 5/5
  3422 | D:5      | Found a transporter.
  3422 | D:5      | Found Qiysas's Book Shop.
  3453 | D:5      | Found a transporter.
  3556 | D:5      | Reached skill level 9 in Axes
  3573 | D:5      | Reached XP level 7. HP: 50/56 MP: 6/6
  3620 | D:5      | Reached skill level 10 in Axes
  3869 | D:5      | Found a staircase to the Ecumenical Temple.
  3995 | Temple   | Entered the Ecumenical Temple
  4227 | Temple   | Became a worshipper of Warmaster Okawaru
  4507 | D:6      | Reached skill level 11 in Axes
  5495 | D:7      | Found a flagged portal.
  5559 | Bailey   | Entered a bailey
  5593 | Bailey   | Reached XP level 8. HP: 57/62 MP: 7/7
  5614 | Bailey   | Found a large runed translucent door.
  5614 | Bailey   | Found a large runed translucent door.
  5615 | Bailey   | Noticed a deep elf pyromancer
  5624 | Bailey   | Noticed an orc knight
  5633 | Bailey   | Mangled by an orc warrior

Illustrated notes

Levels and vault maps discovered:
D:1:      dpeg_arrival_snail, layout_loops_ring, ebering_ecumenical_altar_webs,
          minmay_tromino_mix6
D:2:      layout_basic
D:3:      layout_basic, pdpol_wu_jian_five_deadly_venoms, old_standard_altar
D:4:      layout_cave_pods, lemuel_crystal_altar, serial_bayou_lake_a
D:5:      layout_cave_pools, minmay_temple_entry_fiery, serial_shops,
          nicolae_shop_drivethru, kennysheep_generic_room_5
D:6:      layout_layer_cave, bh_walls_and_bars
D:7:      layout_basic, mainiacjoe_overflow_cross_hatched, tgw_xom,
          enter_bailey_3, kennysheep_another_room, kennysheep_generic_room_9
Temple:   nicolae_temple_figure_eight
Bailey:   bailey_polearm_elven_captive_hellmonk, bailey

Skill      XL: |  1  2  3  4  5  6  7 |
---------------+----------------------+-----
Axes           | 4 5 6 8 9 11 | 11.5
Dodging        | 4 |  4.1
Fighting       | |  2.4
Throwing       | |  2.0

Action                     |  1- 3 |  4- 6 |  7- 9 || total
---------------------------+-------+-------+-------++-------
  Melee: War axe           |    65 |   110 |    41 ||   216
         Headbutt          |     1 |    11 |    11 ||    23
         Punch             |       |     2 |       ||     2
  Throw: Throwing net      |       |       |     2 ||     2
    Use: Potion            |       |       |     1 ||     1
 Armour: Leather armour    |    17 |       |       ||    17
         Ring mail         |     2 |    39 |     9 ||    50
  Dodge: Dodged            |    43 |    96 |    28 ||   167
